 Dungeon Crawl Stone Soup version 0.29.1-1-gd02db6906a (webtiles) character file.

Game seed: 12134023036476390758

18 sentinel the Digger (level 3, 26/26 HPs)
             Began as a Meteoran Earth Elementalist on Sept 28, 2022.
             Quit the game on level 1 of the Dungeon.
             The game lasted 00:00:42 (174 turns).

sentinel the Digger (Meteoran Earth Elementalist)    Turns: 174, Time: 00:00:43

Health: 26/26      AC:  2    Str:  9    XL:     3   Next: 5%
Magic:  5/8        EV: 12    Int: 18    God:
Gold:   0          SH:  0    Dex: 15    Spells: 6/7 levels left

rFire   . . .      SeeInvis .   (no weapon)
rCold   . . .      Faith    .   (no shield)
rNeg    . . .      Spirit   .   a - +0 robe
rPois   .          Reflect  .   (no helmet)
rElec   .          Harm     .   (no cloak)
rCorr   .          Rampage  .   (no gloves)
Will    .....                   (no boots)
Stlth   +.........              (no amulet)
HPRegen 0.08/turn               (no ring)
MPRegen 0.11/turn               (no ring)

@: glowing
A: sense surroundings 1, otherworldly, glowing, explore regen
a: no special abilities


You were on level 1 of the Dungeon.
You visited 1 branch of the dungeon, and saw 1 of its levels.

Inventory:

Armour
 a - a +0 robe (worn)
Scrolls
 d - a scroll of silence {unknown}
Potions
 b - a potion of magic
 c - a potion of heal wounds {unknown}


   Skills:
 - Level 2.4 Dodging
 - Level 1.4 Stealth
 - Level 2.6 Spellcasting
 - Level 1.2 Transmutations
 + Level 4.7 Earth Magic


You had 6 spell levels left.
You knew the following spells:

 Your Spells              Type           Power      Damage    Failure   Level
a - Sandblast             Erth           38%        2d10      2%          1

Your spell library contained the following spells:

 Spells                   Type           Power      Damage    Failure   Level
 Passwall                 Tmut/Erth      10%        N/A       8%          2
 Stone Arrow              Conj/Erth      20%        3d8       19%         3
 Petrify                  Tmut/Erth      13%        N/A       45%         4


Dungeon Overview and Level Annotations

Branches:
Dungeon (1/15) Zot: 416

Altars:


Innate Abilities, Weirdness & Mutations

You passively map a small area around you.
You are easily found by Zot.
You glow in the dark.
You regain HP and MP as you explore.


Message History

The jackal is moderately wounded.
The jackal misses you.
You closely miss the jackal.
The jackal is moderately wounded.
The jackal bites you but does no damage.
The jackal completely misses you.
You hit the jackal but do no damage.
The jackal is moderately wounded.
The jackal bites you but does no damage.
You closely miss the jackal.
The jackal is moderately wounded.
The jackal completely misses you. The jackal misses you.
You barely miss the jackal.
The jackal is moderately wounded.
The jackal closely misses you.
You barely miss the jackal.
The jackal is moderately wounded.
The jackal barely misses you.
You barely miss the jackal.
The jackal is moderately wounded.
The jackal bites you but does no damage.
The jackal barely misses you.
You completely miss the jackal.
The jackal is moderately wounded.
The jackal bites you.
You hit the jackal but do no damage.
The jackal is moderately wounded.
The jackal bites you. x2
You hit the jackal but do no damage.
The jackal is moderately wounded.
The jackal barely misses you.
You closely miss the jackal.
The jackal is moderately wounded.
The jackal bites you but does no damage.
The blast of sand misses the jackal.
The jackal completely misses you. The jackal bites you.
The jackal barely misses you.
The blast of sand hits the jackal but does no damage.
The jackal is moderately wounded.
The jackal closely misses you. The jackal bites you.
The blast of sand hits the jackal!
You kill the jackal!
You can't see any susceptible monsters within range! (Use Z to cast anyway.)
You can't see any susceptible monsters within range! (Use Z to cast anyway.)
You see here a hobgoblin corpse.
You see here 6 gold pieces.
A quokka and a dart slug come into view.
The dart slug launches a dart at you. The slug dart hits you.
The blast of sand hits the quokka.
You kill the quokka!
The blast of sand hits the dart slug.
The dart slug is severely wounded.
You hit the dart slug but do no damage.
The dart slug is heavily wounded.
The dart slug launches a dart at you. The slug dart hits you.
You hit the dart slug but do no damage.
The dart slug is heavily wounded.
The dart slug launches a dart at you. The slug dart misses you.
You hit the dart slug but do no damage.
The dart slug is heavily wounded.
You hit the dart slug but do no damage.
The dart slug is heavily wounded.
The dart slug bites you.
You hit the dart slug.
The dart slug is severely wounded.
The dart slug bites you.
You hit the dart slug.
The dart slug is severely wounded.
The blast of sand hits the dart slug.
You kill the dart slug!
You can't see any susceptible monsters within range! (Use Z to cast anyway.)
Found a stone staircase leading down.
You see here a dart slug corpse.
There is a stone staircase leading down here.
You open the door.
There is an open door here.
HP restored.
An endoplasm and a ball python come into view.
Found 8 gold pieces.
But you're not safe! But you're not safe!
The blast of sand hits the ball python!
You kill the ball python!
The endoplasm quivers.
The blast of sand hits the endoplasm!
You kill the endoplasm!
No target in view!
No target in view!
No target in view!
No target in view!
No target in view!
No target in view!
No target in view!
No target in view!
A hobgoblin comes into view.
Found 6 gold pieces.
The hobgoblin shouts!
You hear a shout!
You hear an angry hiss.
But you're not safe! But you're not safe! But you're not safe!
The blast of sand hits the hobgoblin!
You kill the hobgoblin!
No target in view!
No target in view!
You can't see any susceptible monsters within range! (Use Z to cast anyway.)
A rat and a hobgoblin come into view.
The hobgoblin shouts!
The blast of sand misses the hobgoblin.
A ball python comes into view.
You hit the hobgoblin but do no damage. The hobgoblin hits you.
You hit the ball python but do no damage.
The hobgoblin misses you. The ball python bites you.
The ball python barely misses you.
The blast of sand hits the ball python!
You kill the ball python!
A bat comes into view.
The hobgoblin closely misses you. The rat bites you but does no damage.
The hobgoblin misses you.
The blast of sand hits the hobgoblin.
You kill the hobgoblin!
The rat bites you.
You have reached level 3!
Your experience leads to an increase in your attributes!
Increase (s)trength, (i)ntelligence, or (d)exterity?
You feel clever. x2; You feel agile.
The blast of sand misses the rat.
The bat barely misses you. The rat bites you.
The rat bites you but does no damage. The bat closely misses you.
The blast of sand hits the bat!
You kill the bat!
The rat bites you.
The blast of sand hits the rat!
You kill the rat!
You can't see any susceptible monsters within range! (Use Z to cast anyway.)
You can't see any susceptible monsters within range! (Use Z to cast anyway.)
You can't see any susceptible monsters within range! (Use Z to cast anyway.)
You can't see any susceptible monsters within range! (Use Z to cast anyway.)
You can't see any susceptible monsters within range! (Use Z to cast anyway.) No target in view!
No target in view!
No target in view!
No target in view!
No target in view!
You see here a rat corpse.
You see here 8 gold pieces.
d - a scroll labelled PATE PATOVOQ Are you sure you want to abandon this character and quit the game? (Confirm with "yes".)
Okay, then.
Are you sure you want to abandon this character and quit the game? (Confirm with "yes".)

* ,** ####..#####
#.........# *
##.#.#.#.#.#
#..........# ,*
*#.#.#.#.#.#
#.........# *
#.#.#.#.#.#
#####...$..@..#
......#.#.#.#.#
,...
...^..........#
*###
###.##..#..###
#..# #.###.#.##
#..# #.###$...#
#..# #....†##.#
#..# #..†.###.#
##..#####......#.#


There were no monsters in sight!

Vanquished Creatures
  A dart slug (D:1)
  2 bats (D:1)
  An endoplasm (D:1)
  3 hobgoblins (D:1)
  3 jackals (D:1)
  A quokka (D:1)
  2 ball pythons (D:1)
  A rat (D:1)
14 creatures vanquished.

Notes
Turn   | Place    | Note
-------+----------+-------------------------------------------
     0 | D:1      | sentinel the Meteoran Earth Elementalist began the quest
                  | for the Orb.
     0 | D:1      | Reached XP level 1. HP: 14/14 MP: 5/5
    49 | D:1      | Reached skill level 4 in Earth Magic
    50 | D:1      | Reached XP level 2. HP: 17/20 MP: 4/6
   158 | D:1      | Reached XP level 3. HP: 22/26 MP: 4/8
   174 | D:1      | Quit the game

Illustrated notes

Levels and vault maps discovered:
D:1:      heliophobic_arrival_ceremonial_halls, layout_loops_corners,
          serial_co_window_serial, co_window_paths_b, co_window_corner_a,
          co_window_paths_b, co_window_of_opportunity_a,
          co_window_of_opportunity_a, co_window_of_opportunity_b,
          co_window_broadway_c, co_window_unsneaky_path_c, co_window_cross_2,
          co_window_paths_c, co_window_paths_e, glass_columns_c,
          glass_columns_a, glass_columns_c, ebering_ecumenical_altar_box

Skill      XL: |  1 |
---------------+----+-----
Earth Magic    | 4 |  4.7
Dodging        | |  2.4
Stealth        | |  1.4
Spellcasting   | |  2.6
Transmutations | |  1.2

Action                   || total
-------------------------++-------
Melee: Unarmed           ||    23
 Cast: Sandblast         ||    20
Armor: Robe              ||     7
Dodge: Dodged            ||    21
